 Dungeon Crawl Stone Soup version 0.28.0 (webtiles) character file.

Game seed: 10915725849443087233

15 GrayStillPlays the Skirmisher (level 2, -7/24 HPs)
             Began as a Demonspawn Fighter on Feb 13, 2022.
             Mangled by a gnoll (8 damage)
             ... on level 1 of the Dungeon.
             The game lasted 00:00:45 (1095 turns).

GrayStillPlays the Skirmisher (Demonspawn Fighter)  Turns: 1095, Time: 00:00:45

Health: -7/24      AC:  6    Str: 16    XL:     2   Next: 34%
Magic:  2/2        EV:  8    Int:  9    God:
Gold:   12         SH:  4    Dex: 12    Spells: 1/1 levels left

rFire   . . .      SeeInvis .   a - +0 war axe {axe}
rCold   . . .      Faith    .   c - +0 buckler
rNeg    . . .      Spirit   .   b - +0 scale mail
rPois   .          Reflect  .   (no helmet)
rElec   .          Harm     .   (no cloak)
rCorr   .          Rampage  .   (no gloves)
Will    .....                   (no boots)
Stlth   ..........              (no amulet)
HPRegen 0.08/turn               (no ring)
MPRegen 0.08/turn               (no ring)

@: no status effects
A: powered by pain 1
a: no special abilities


You were on level 1 of the Dungeon.
You visited 1 branch of the dungeon, and saw 1 of its levels.

You collected 12 gold pieces.


Innate Abilities, Weirdness & Mutations

You sometimes gain a little power by taking damage.


   Skills:
 + Level 3.2 Fighting
 + Level 2.1 Axes
 + Level 2.9 Armour
 + Level 2.9 Shields


You had one spell level left.
You didn't know any spells.
Your spell library was empty.

Inventory:

Hand Weapons
 a - a +0 war axe (weapon) {axe}
Missiles
 e - 42 stones (quivered) {throwing}
 h - 15 arrows
Armour
 b - a +0 scale mail (worn)
 c - a +0 buckler (worn)
Scrolls
 i - a scroll of enchant weapon {unknown}
Potions
 d - a potion of might
 f - a potion of degeneration {unknown}
 g - a potion of lignification {unknown}

Dungeon Overview and Level Annotations

Branches:
Dungeon (1/15)

Altars:

# PP≈≈...........#
##+##
PPP≈P.#.........#
##.## # ≈
≈♣≈≈≈P##.........#
#.... ###P≈≈P
≈≈P≈≈# #.........#
#.... P.P.≈≈♣
≈PP.####.........#
#.... PP≈≈≈♣P
P........$.......#
#.... P≈≈≈≈♣
#..............>.#
#.... ≈≈≈♣♣PP
.........###♣♣.≈♣#
#.... P≈≈♣ P
......g@.# ≈≈♣♣
#.... .P≈♣
≈.....)..# ♣≈♣
#....


≈PPP .P.≈P....♣ ♣♣≈♣ #### #PPP≈ ≈≈≈≈≈P..♣♣ ♣♣≈≈P♣♣♣♣♣... ≈P♣≈≈≈..♣ PP≈.≈≈≈♣≈♣.÷.
≈≈.P≈P... ..≈..≈≈≈..... #.....?.≈ ♣♣..≈♣≈♣≈♣... ........♣ ♣♣≈♣♣♣♣♣♣...
P≈P♣♣♣...## You could see a gnoll.


Message History

You are frozen.
* * * LOW HITPOINT WARNING * * *
The hobgoblin hits you but does no damage.
The endoplasm barely misses you. 😱 HP[-4]
You take 4 damage, and now have 3/24 hp.
You slash the endoplasm!
You kill the endoplasm!
You hit the hobgoblin. The hobgoblin closely misses you.
You block the hobgoblin's attack.
You closely miss the hobgoblin. You block the hobgoblin's attack.
You slash the hobgoblin!
You kill the hobgoblin!
You see here a hobgoblin corpse.
Key pressed, stopping explore.
Key pressed, stopping explore.
Key pressed, stopping explore.
Key pressed, stopping explore.
Key pressed, stopping explore.
h - 15 arrows Key pressed, stopping explore.
i - a scroll labelled QICEYH EGRE 😎 HP[+21]
Your hp is fully restored (24).
You enter the shallow water.
Moving in this stuff is going to be slow.
An endoplasm comes into view.
The endoplasm quivers.
An endoplasm is nearby!
An endoplasm is nearby!
An endoplasm is nearby!
An endoplasm is nearby!
An endoplasm is nearby!
The endoplasm hits you but does no damage.
You hit the endoplasm.
You kill the endoplasm!
You slash the plant!
The plant begins to die.
You hit the plant.
The plant begins to die.
You hit the plant but do no damage.
No target in view!
No target in view!
No target in view!
A nearby plant withers and dies.
A nearby plant withers and dies.
Key pressed, stopping explore.
e - 42 stones {throwing} (gained 20)
You open the door.
There is an open door here.
Key pressed, stopping explore.
Key pressed, stopping explore.
Key pressed, stopping explore.
There is an open door here.
Key pressed, stopping explore.
You see here a +0 mace {mace}.
Key pressed, stopping explore.
Key pressed, stopping explore.
You open the door.
There is an open door here.
Key pressed, stopping explore.
Key pressed, stopping explore.
You open the large door.
There is a large open door here.
Found a stone staircase leading down.
You now have 12 gold pieces (gained 4).
A kobold comes into view. It is wielding a +0 short sword.
The kobold shouts!
You hear a shout!
A kobold is nearby!
A kobold is nearby!
A kobold is nearby!
A gnoll comes into view. It is wielding a +0 flail.
There are monsters nearby!
There are monsters nearby!
The gnoll shouts!
The kobold throws a stone.
The stone closely misses you.
There are monsters nearby!
There are monsters nearby!
The kobold throws a stone.
The stone hits you but does no damage. The kobold barely misses you.
You completely miss the kobold.
The kobold hits you with a +0 short sword. x2 😕 HP[-5]
You take 5 damage, and now have 19/24 hp.
MASSIVE DAMAGE!! (PAUSE)
You barely miss the kobold. The kobold hits you but does no damage.
You closely miss the gnoll. You hit the kobold.
You kill the kobold!
The gnoll hits you but does no damage.
The gnoll hits you with a +0 flail. 😮 HP[-4]
You take 4 damage, and now have 15/24 hp.
You barely miss the gnoll. The gnoll hits you with a +0 flail!
* * * LOW HITPOINT WARNING * * *
😱 HP[-10]
You take 10 damage, and now have 5/24 hp.
MASSIVE DAMAGE!! (PAUSE)
You slash the gnoll! The gnoll hits you with a +0 flail.
* * * LOW HITPOINT WARNING * * *
😱 HP[-4]
You take 4 damage, and now have 1/24 hp.
You hit the gnoll but do no damage. The gnoll misses you.
The gnoll hits you with a +0 flail!
You die...

Skill      XL: |  1 |
---------------+----+-----
Axes           | 2 |  2.1
Fighting       | |  3.2
Armour         | |  2.9
Shields        | |  2.9

Action                   || total
-------------------------++-------
Melee: War axe           ||    36
Armor: Scale mail        ||    20
Dodge: Dodged            ||    22
Block: Buckler           ||    11

Levels and vault maps discovered:
D:1:      scummos_arrival_gate, layout_basic, serial_bayou,
          serial_bayou_shore_a, serial_bayou_lagoon_a, serial_bayou_shore_b,
          serial_bayou_crossing

Notes
Turn   | Place    | Note
-------+----------+-------------------------------------------
     0 | D:1      | GrayStillPlays the Demonspawn Fighter began the quest for
                  | the Orb.
     0 | D:1      | Reached XP level 1. HP: 18/18 MP: 1/1
     0 | D:1      | magus.rc [v1.9.6]
    55 | D:1      | HP: 3/18 [hobgoblin (4)]
   462 | D:1      | Reached skill level 2 in Axes
   462 | D:1      | Gained mutation: You sometimes gain a little power by
                  | taking damage. [demonic ancestry]
   462 | D:1      | Reached XP level 2. HP: 21/24 MP: 2/2
   584 | D:1      | HP: 3/24 [frozen (4)]
  1093 | D:1      | HP: 5/24 [gnoll (10)]
  1094 | D:1      | HP: 1/24 [gnoll (4)]
  1095 | D:1      | Mangled by a gnoll

Vanquished Creatures
  A bat (D:1)
  2 endoplasms (D:1)
  2 hobgoblins (D:1)
  3 jackals (D:1)
  2 ball pythons (D:1)
  2 kobolds (D:1)
12 creatures vanquished.

Vanquished Creatures (others)
  4 plants (D:1)
4 creatures vanquished.

Grand Total: 16 creatures vanquished

Table legend:
 A = Non-vault XP
 B = Vault XP
 C = Vault XP percentage of total XP
 D = Non-vault monster count
 E = Vault monster count
 F = Vault count percentage of total count
                 A         B        C        D         E       F
            +---------+---------+-------+---------+---------+-------
      Total |      22 |       0 |   0.0 |      12 |       0 |   0.0
            +---------+---------+-------+---------+---------+-------
        D:1 |      22 |       0 |   0.0 |      12 |       0 |   0.0
            +---------+---------+-------+---------+---------+-------

Illustrated notes

Table legend:
 A = Kills in this place as a percentage of kills in entire the game.
 B = Kills by you in this place as a percentage of kills by you in the entire game.
 C = Kills by friends in this place as a percentage of kills by friends in the entire game.
 D = Other kills in this place as a percentage of other kills in the entire game.
 E = Experience gained in this place as a percentage of experience gained in the entire game.
 F = Experience gained in this place divided by the number of levels of this place that you have seen.
                   A       B       C       D       E      F
               +-------+-------+-------+-------+-------+----------------------
         Total | 100.0 | 100.0 |   N/A |   N/A | 100.0 |  22.0
       Dungeon | 100.0 | 100.0 |   N/A |   N/A | 100.0 |  22.0
               +-------+-------+-------+-------+-------+----------------------

Table legend: (Time is in decaauts)
 A = Elapsed time spent in this place.
 B = Non-inter-level travel time spent in this place.
 C = Inter-level travel time spent in this place.
 D = Time resting spent in this place.
 E = Time spent auto-exploring this place.
 F = Levels seen in this place.
 G = Mean time per level.
                   A        B        C        D        E       F      G
               +--------+--------+--------+--------+--------+-----+--------+
         Total |   1120 |   1120 |      0 |      0 |   1018 |   1 | 1120.0 |
       Dungeon |   1120 |   1120 |      0 |      0 |   1018 |   1 | 1120.0 |
               +--------+--------+--------+--------+--------+-----+--------+

Top non-repeatable levels by time:
     D:1: 1120 daAuts
